[Event "November 21 Early 2023"]
[Site "https://www.chess.com"]
[Date "2023.11.21"]
[Round "9"]
[White "Volkov, Maksim"]
[Black "Sychev, Klementy"]
[Result "0-1"]
[Board "31"]
[TimeControl "180+1"]
[WhiteFideId "54123070"]
[BlackFideId "4114060"]
[WhiteElo "2293"]
[BlackElo "2583"]
[WhiteTeam "RUS"]
[BlackTeam "FID"]
[WhiteClock "0:00:53"]
[BlackClock "0:00:18"]

1. d4 Nf6 2. c4 g6 3. g3 c5 4. d5 d6 5. Nc3 Bg7 6. Bg2 O-O 7. Nf3 e6 8. O-O exd5 9. cxd5 Re8 10. Bf4 Bf5 11. Nh4 Bg4 12. Qd2 b5 13. Rfe1 b4 14. Na4 Nh5 15. Bg5 Qa5 16. Qc2 Bd7 17. b3 Bxa4 18. bxa4 Nd7 19. Rac1 Nb6 20. g4 Nf6 21. Bf4 Rad8 22. e4 Nxg4 23. Nf3 Nxa4 24. Bd2 Nc3 25. a3 Qxa3 26. Ra1 Ne2+ 27. Rxe2 Qxa1+ 28. Bf1 Rb8 29. Bf4 b3 30. Qd3 b2 31. Nd2 b1=Q 32. Nxb1 Rxb1 33. Rc2 Ne5 34. Bxe5 Bxe5 35. Kg2 Rxf1 36. Qxf1 Qxf1+ 37. Kxf1 a5 38. Ra2 Ra8 39. Ra4 Bxh2 40. Rxa5 Rxa5 0-1

[Event "November 21 Early 2023"]
[Site "https://www.chess.com"]
[Date "2023.11.21"]
[Round "9"]
[White "Tristan, Leonardo"]
[Black "Galaktionov, Artem"]
[Result "1-0"]
[Board "32"]
[TimeControl "180+1"]
[WhiteFideId "113816"]
[BlackFideId "24175471"]
[WhiteElo "2483"]
[BlackElo "2367"]
[WhiteTeam "ARG"]
[BlackTeam "RUS"]
[WhiteClock "0:00:56"]
[BlackClock "0:02:15"]

1. d4 c6 2. Nf3 g6 3. e4 Bg7 4. Nc3 d6 5. a4 Nd7 6. Be2 e5 7. O-O Ngf6 8. h3 O-O 9. dxe5 dxe5 10. Be3 Qe7 11. a5 Nc5 12. Nd2 Rd8 13. Qc1 Ne6 14. Rd1 Nd4 15. Bf1 Be6 16. Ne2 Nh5 17. c3 Nb3 18. Nxb3 Bxb3 19. Rxd8+ Rxd8 20. Qe1 a6 21. Nc1 Be6 22. Nd3 Bc4 23. Nc5 Bxf1 24. Qxf1 Nf4 25. Rd1 Rxd1 26. Qxd1 Bf8 27. b4 Ne6 28. Nxe6 Qxe6 29. Qd8 Qe7 30. Qc8 f6 31. Bc5 Qf7 32. Bxf8 Qxf8 33. Qxb7 Qd6 34. Qxa6 Qd1+ 35. Qf1 Qb3 36. Qa1 1-0

[Event "November 21 Early 2023"]
[Site "https://www.chess.com"]
[Date "2023.11.21"]
[Round "9"]
[White "Arslanov, Shamil"]
[Black "BardArtem"]
[Result "1-0"]
[Board "33"]
[TimeControl "180+1"]
[WhiteFideId "4192826"]
[WhiteElo "2326"]
[BlackElo "2846"]
[WhiteTeam "RUS"]
[WhiteClock "0:00:12"]
[BlackClock "0:00:02"]

1. d4 d5 2. e4 dxe4 3. Nc3 Nf6 4. f3 exf3 5. Nxf3 c6 6. Bc4 Bf5 7. O-O e6 8. Ng5 Bg6 9. Bxe6 Bd6 10. Bb3 O-O 11. Bf4 Bxf4 12. Rxf4 Nbd7 13. Qf3 Qa5 14. h4 h6 15. Nge4 Nh5 16. Rg4 Bf5 17. Rf1 Bxg4 18. Qxg4 Qb4 19. Qxd7 Rad8 20. Qf5 Qxd4+ 21. Kh2 Nf6 22. Nxf6+ Qxf6 23. Qxf6 gxf6 24. Rxf6 Kg7 25. Rf4 Rd7 26. Rf3 Rd4 27. Kh3 f5 28. Ne2 Rd6 29. Ng3 Kh8 30. Nxf5 Rdf6 31. g4 h5 32. c3 c5 33. Bc2 hxg4+ 34. Kxg4 Rg8+ 35. Kf4 Rb6 36. b3 a5 37. Be4 a4 38. Bd5 Rf8 39. Rg3 axb3 40. axb3 Rbf6 41. Rg5 Kh7 42. Rh5+ Kg6 43. Rh6# 1-0

[Event "November 21 Early 2023"]
[Site "https://www.chess.com"]
[Date "2023.11.21"]
[Round "9"]
[White "Klukin, Kirill"]
[Black "Pastar, Slaven"]
[Result "0-1"]
[Board "34"]
[TimeControl "180+1"]
[WhiteFideId "24199273"]
[BlackFideId "14402718"]
[WhiteElo "2344"]
[BlackElo "2230"]
[WhiteTeam "RUS"]
[BlackTeam "BIH"]
[WhiteClock "0:00:02"]
[BlackClock "0:00:06"]

1. d4 b6 2. Nf3 Bb7 3. e3 e6 4. Bd3 Nf6 5. O-O Be7 6. c4 d5 7. Nc3 O-O 8. cxd5 Nxd5 9. Qe2 c5 10. Rd1 cxd4 11. Nxd4 Nxc3 12. bxc3 Qc8 13. Bb2 Nc6 14. Rac1 Bf6 15. Nb5 Rd8 16. c4 Bxb2 17. Qxb2 a6 18. Nc3 Ne5 19. Bf1 Qc6 20. Qb3 Nf3+ 21. gxf3 Qxf3 22. e4 e5 23. Bg2 Qg4 24. Qxb6 Rxd1+ 25. Nxd1 Bxe4 26. Ne3 Qg6 27. Rd1 Qxb6 28. Bxe4 Rd8 29. Nd5 Qb8 30. Kg2 g6 31. Bf3 Kg7 32. Re1 f5 33. Be2 e4 34. Bf1 Qe5 35. Rd1 f4 36. Kg1 f3 37. Kh1 Qg5 38. Re1 Qh4 39. Nc7 Rd6 40. Ne8+ Kh6 41. Nxd6 Qxf2 42. Rd1 e3 43. Ne4 Qh4 44. Ng3 e2 45. Re1 exf1=Q+ 46. Rxf1 Qg4 47. Rf2 Kg7 48. Kg1 h5 49. Kf1 h4 50. Nh1 Qxc4+ 51. Kg1 Qc1+ 52. Rf1 Qe3+ 53. Nf2 g5 54. Kh1 Qe2 55. Kg1 g4 56. Rb1 g3 57. Rb7+ Kf8 58. Rb8+ Ke7 59. Rb7+ Kd8 60. hxg3 hxg3 0-1

[Event "November 21 Early 2023"]
[Site "https://www.chess.com"]
[Date "2023.11.21"]
[Round "9"]
[White "Skatchkov, Valery"]
[Black "Cherniaiev, Tykhon"]
[Result "0-1"]
[Board "35"]
[TimeControl "180+1"]
[WhiteFideId "24195812"]
[BlackFideId "14182360"]
[WhiteElo "2320"]
[BlackElo "2438"]
[WhiteTeam "RUS"]
[BlackTeam "UKR"]
[WhiteClock "0:00:04"]
[BlackClock "0:00:03"]

1. d4 Nf6 2. c4 e6 3. Nf3 d5 4. g3 Be7 5. Bg2 O-O 6. Nc3 a6 7. O-O dxc4 8. Ne5 Nc6 9. Bxc6 bxc6 10. Nxc6 Qe8 11. Nxe7+ Qxe7 12. Qa4 c5 13. Qa3 Nd7 14. dxc5 Bb7 15. Be3 Bc6 16. Rad1 Rfc8 17. Rd6 h5 18. f3 a5 19. Rfd1 h4 20. Ne4 hxg3 21. hxg3 Bd5 22. Bg5 f6 23. Be3 Ne5 24. Nc3 Bc6 25. Kf2 Qf7 26. Na4 Qh5 27. Bf4 Qh2+ 28. Ke3 Nf7 29. Nb6 e5 30. Rxc6 exf4+ 31. gxf4 Re8+ 32. Kd2 Rad8+ 33. Rd6 Rxe2+ 34. Kc1 Nxd6 35. cxd6 Qxf4+ 36. Kb1 Qf5+ 37. Ka1 Qc2 38. Rb1 c3 39. Nc4 cxb2+ 40. Nxb2 Rd2 41. Qxa5 R2xd6 42. Qb5 Qc6 43. Qb3+ Qd5 44. Qb4 Ra8 45. Nc4 Rda6 46. a3 Ra4 47. Nb6 Rxb4 48. Nxd5 Rxa3# 0-1

[Event "November 21 Early 2023"]
[Site "https://www.chess.com"]
[Date "2023.11.21"]
[Round "9"]
[White "Bettalli, Francesco"]
[Black "Llorente Zaro, Alfonso"]
[Result "0-1"]
[Board "36"]
[TimeControl "180+1"]
[WhiteFideId "2816453"]
[BlackFideId "2254131"]
[WhiteElo "2226"]
[BlackElo "2485"]
[WhiteTeam "ITA"]
[BlackTeam "ESP"]
[WhiteClock "0:00:01"]
[BlackClock "0:00:05"]

1. e4 Nc6 2. Nf3 d5 3. exd5 Qxd5 4. Be2 Bg4 5. h3 Bh5 6. d4 e6 7. c4 Qd7 8. Nc3 Nf6 9. g4 Bg6 10. Be3 Ne4 11. Nxe4 Bxe4 12. Qa4 Bb4+ 13. Kf1 Bd6 14. Kg2 Rd8 15. Rad1 a6 16. Qb3 O-O 17. Bd3 Bxd3 18. Qxd3 b5 19. b3 Rb8 20. Qe4 bxc4 21. Ne5 Bxe5 22. dxe5 Qe8 23. bxc4 Na5 24. Bc5 Qa4 25. Bxf8 Rxf8 26. Rd2 h6 27. Rhd1 Qxc4 28. Qxc4 Nxc4 29. Rc2 Nxe5 30. Rxc7 Rb8 31. Rd2 g5 32. Ra7 Rb6 33. Kg3 Rc6 34. Rb2 Rc3+ 35. Kg2 Ra3 36. Re2 Ng6 37. Re3 Rxa2 38. Rb3 Kg7 39. Rbb7 Ne5 40. Ra8 Nd3 41. Rba7 Rxf2+ 42. Kg3 Rf1 43. Rxa6 Nf4 44. Ra3 Rd1 45. Rf3 Rh1 46. Kf2 Rxh3 47. Rxh3 Nxh3+ 48. Kg3 Nf4 49. Ra4 h5 50. gxh5 Nxh5+ 51. Kg4 Kg6 52. Ra8 f5+ 53. Kf3 Nf6 54. Ra6 e5 55. Re6 e4+ 56. Ke3 Kf7 57. Re5 Ng4+ 0-1

[Event "November 21 Early 2023"]
[Site "https://www.chess.com"]
[Date "2023.11.21"]
[Round "9"]
[White "Do Nascimento,Christian Almeida"]
[Black "Skvortsov, Andrei"]
[Result "1/2-1/2"]
[Board "37"]
[TimeControl "180+1"]
[WhiteFideId "2143801"]
[BlackFideId "24108600"]
[WhiteElo "2118"]
[BlackElo "2357"]
[WhiteTeam "BRA"]
[BlackTeam "MNE"]
[WhiteClock "0:00:23"]
[BlackClock "0:00:39"]

1. e4 d5 2. exd5 Qxd5 3. Nc3 Qe5+ 4. Be2 Bg4 5. d4 Bxe2 6. Ngxe2 Qa5 7. O-O Nf6 8. b4 Qh5 9. Bf4 e6 10. Re1 Bxb4 11. d5 Nxd5 12. Nxd5 Qxd5 13. Qxd5 exd5 14. c3 Ba5 15. Nd4+ Kf8 16. Re3 Nc6 17. Nxc6 bxc6 18. Rb1 Bb6 19. Re2 h6 20. Rbe1 Ba5 21. Be5 Kg8 22. Bd4 Kh7 23. Re7 Rhf8 24. h4 a6 25. h5 c5 26. Bxc5 Bxc3 27. Rd1 c6 28. Re3 d4 29. Bxd4 Bxd4 30. Rxd4 Rfd8 31. Rc4 Rd1+ 32. Kh2 Rd5 33. g4 Rd2 34. Rf4 Rf8 35. Ra3 c5 36. Rxa6 c4 37. Rc6 Rxa2 38. Rcxc4 Ra7 39. Kg3 g6 40. hxg6+ Kxg6 41. Rc6+ Kg7 42. f3 Re7 43. Rc2 Re5 44. Rc6 f6 45. Rc7+ Rf7 46. Rxf7+ Kxf7 47. Rb4 Kg6 48. Kf4 h5 49. gxh5+ Rxh5 50. Rb8 Rh4+ 51. Ke3 Ra4 52. Kf2 Kg5 53. Kg3 Ra3 54. Rg8+ Kf5 55. Rb8 Ra5 56. Rb4 Ra1 57. Rf4+ Ke6 58. Re4+ Kf7 59. Kf4 Rf1 60. Rb4 Rh1 61. Kg4 Kg6 62. Rb8 Rf1 63. Kf4 Ra1 64. Rb4 Ra8 65. Kg4 Rh8 66. Rb7 Rh1 67. Rb4 f5+ 68. Kg3 Kg5 69. f4+ Kf6 70. Rb6+ Ke7 71. Ra6 Re1 72. Kh4 Rg1 73. Kh5 Rg4 74. Rb6 Kf7 75. Rb5 Ke6 76. Re5+ Kf6 77. Ra5 Rxf4 78. Ra6+ Ke5 79. Ra5+ Ke4 80. Kg5 Rg4+ 81. Kf6 f4 82. Ra4+ Kf3 83. Kf5 Rh4 84. Ra3+ Kg2 85. Kg5 Rh3 86. Rxh3 Kxh3 87. Kxf4 1/2-1/2

[Event "November 21 Early 2023"]
[Site "https://www.chess.com"]
[Date "2023.11.21"]
[Round "9"]
[White "Souleidis, Georgios"]
[Black "Demchenko, Anton"]
[Result "0-1"]
[Board "38"]
[TimeControl "180+1"]
[WhiteFideId "4206827"]
[BlackFideId "4160258"]
[WhiteElo "2401"]
[BlackElo "2545"]
[WhiteTeam "GRE"]
[BlackTeam "SLO"]
[WhiteClock "0:00:00"]
[BlackClock "0:00:09"]

1. e4 e5 2. Nf3 Nc6 3. Bc4 Nf6 4. d3 h6 5. a4 d6 6. Nc3 g6 7. Be3 Bg7 8. h3 Be6 9. Bxe6 fxe6 10. O-O Qd7 11. a5 a6 12. Re1 g5 13. d4 exd4 14. Nxd4 Ne5 15. Qe2 O-O 16. Rad1 Qf7 17. Nf3 Nfd7 18. Nxe5 Bxe5 19. Bd4 Qg7 20. Qc4 Bxd4 21. Rxd4 Rae8 22. Rd2 Ne5 23. Qe2 Re7 24. Qe3 Nc4 25. Qe2 Nxd2 26. Qxd2 Ref7 27. Re2 h5 28. Qd3 Qe5 29. Nd1 Qxa5 30. Qb3 Re7 31. Qxb7 Qb5 32. Qxb5 axb5 33. Re3 Ra8 34. Kf1 Kf7 35. Ke2 c6 36. Rg3 Kf6 37. Rc3 Kg6 38. Rxc6 Kf6 39. Rxd6 Rb8 40. Rc6 Rbb7 41. Ra6 Ke5 42. f3 g4 43. hxg4 hxg4 44. Nf2 gxf3+ 45. gxf3 Kf4 46. Nd3+ Kg3 47. Ke3 Rbc7 48. c3 Ra7 49. Rb6 Ra5 50. Rb8 Kh4 51. Ne5 Rg7 52. Kf4 Kh3 53. Ke3 Kg2 54. Rd8 Ra2 55. Rd2+ Kg3 56. Nc6 Rh7 57. Nd4 Rh6 58. Ne2+ Kh4 59. Nf4 Ra1 60. Rh2+ Kg5 61. Rg2+ Kf6 62. Nd3 Rhh1 63. f4 Rh3+ 64. Kd4 Rd1 65. e5+ Kf7 66. Kc5 Rhxd3 67. Kxb5 Rf3 68. Rg4 Rdf1 69. c4 Rb3+ 70. Kc6 Rxb2 71. Rg3 Rc1 72. f5 Rxc4+ 73. Kd6 Rd2+ 0-1

[Event "November 21 Early 2023"]
[Site "https://www.chess.com"]
[Date "2023.11.21"]
[Round "9"]
[White "Bharath Subramaniyam H"]
[Black "Al-Tarboush, Ward"]
[Result "1-0"]
[Board "39"]
[TimeControl "180+1"]
[WhiteFideId "46634827"]
[BlackFideId "7601450"]
[WhiteElo "2435"]
[BlackElo "2280"]
[WhiteTeam "IND"]
[BlackTeam "NOR"]
[WhiteClock "0:01:50"]
[BlackClock "0:00:33"]

1. e4 e6 2. d4 d5 3. Nc3 Nf6 4. Bg5 dxe4 5. Nxe4 Be7 6. Bxf6 gxf6 7. Nf3 f5 8. Nc3 a6 9. g3 b5 10. Bg2 Bb7 11. O-O O-O 12. a4 b4 13. Ne2 c5 14. Qd2 Bf6 15. Rad1 a5 16. Qh6 Bg7 17. Qh5 Qf6 18. Ng5 h6 19. Bxb7 Ra7 20. Nxe6 fxe6 21. Bg2 Qf7 22. Qf3 Nd7 23. d5 e5 24. Bh3 e4 25. Qe3 Bxb2 26. f3 f4 27. Qxe4 Nf6 28. Qxf4 Qg6 29. Be6+ Kg7 30. Qc4 Qg5 31. Qxc5 Qe5 32. Qxa7+ Kg6 33. Nf4+ 1-0

[Event "November 21 Early 2023"]
[Site "https://www.chess.com"]
[Date "2023.11.21"]
[Round "9"]
[White "Taher, Yoseph Theolifus"]
[Black "Aaditya Dhingra"]
[Result "1-0"]
[Board "40"]
[TimeControl "180+1"]
[WhiteFideId "7105347"]
[BlackFideId "25678191"]
[WhiteElo "2352"]
[BlackElo "2269"]
[WhiteTeam "INA"]
[BlackTeam "IND"]
[WhiteClock "0:01:48"]
[BlackClock "0:00:37"]

1. d4 g6 2. e4 Bg7 3. Nc3 c6 4. Be3 d5 5. Qd2 dxe4 6. Nxe4 Nf6 7. Nxf6+ exf6 8. h4 h5 9. Bc4 O-O 10. Ne2 a5 11. a3 Nd7 12. Nf4 Nb6 13. Ba2 Bf5 14. O-O-O Kh7 15. f3 Nd5 16. Nxd5 cxd5 17. g4 hxg4 18. h5 g5 19. fxg4 Be4 20. h6 Bh8 21. Rh2 Rc8 22. Bb1 Qd7 23. Rg1 Rg8 24. c3 f5 25. Bxg5 fxg4 26. Rf2 f5 27. Rgf1 Rcf8 28. Qf4 Qe6 29. Bxe4 dxe4 30. Kb1 Rg6 31. Ka1 Rfg8 32. Qc7+ Bg7 33. Bf4 Rxh6 34. Bxh6 Kxh6 35. Rxf5 e3 36. Qh2+ 1-0

[Event "November 21 Early 2023"]
[Site "https://www.chess.com"]
[Date "2023.11.21"]
[Round "9"]
[White "Vlassov, Nikolai"]
[Black "Mikhailovsky, Vladimir"]
[Result "0-1"]
[Board "41"]
[TimeControl "180+1"]
[WhiteFideId "4103360"]
[BlackFideId "34105414"]
[WhiteElo "2324"]
[BlackElo "2257"]
[WhiteTeam "FID"]
[BlackTeam "RUS"]
[WhiteClock "0:00:20"]
[BlackClock "0:00:03"]

1. e4 c5 2. c3 d5 3. exd5 Qxd5 4. d4 Nf6 5. Nf3 e6 6. a3 Nc6 7. Be3 b6 8. dxc5 Qxd1+ 9. Kxd1 Bxc5 10. Bxc5 bxc5 11. Nbd2 Ke7 12. Kc2 Rd8 13. Bb5 Bd7 14. Nb3 a6 15. Bxc6 Bxc6 16. Nxc5 Ne4 17. Nd4 Bd5 18. Nd3 Rac8 19. f3 Ba8 20. fxe4 Rxd4 21. Nf2 Bxe4+ 22. Nxe4 Rxe4 23. Rae1 Rg4 24. Re2 f6 25. b4 e5 26. Kb3 Ke6 27. Rc1 Rgc4 28. a4 e4 29. g4 g6 30. Re3 f5 31. Rce1 Ke5 32. gxf5 gxf5 33. Rh3 R8c7 34. b5 axb5 35. axb5 h5 36. Rxh5 Rxc3+ 37. Kb4 R7c4+ 38. Ka5 Ra3+ 39. Kb6 e3 40. Rf1 Rf4 41. Re1 Re4 42. Kc7 e2 43. b6 Rb3 44. b7 Rc4+ 45. Kb8 Rc2 46. Rh8 Rcb2 47. Rd8 Rxb7+ 48. Ka8 R7b3 49. Re8+ Kf4 50. R8xe2 Ra3# 0-1

[Event "November 21 Early 2023"]
[Site "https://www.chess.com"]
[Date "2023.11.21"]
[Round "9"]
[White "Gontcharov, Vladislav"]
[Black "Yeletsky, Ivan"]
[Result "1-0"]
[Board "42"]
[TimeControl "180+1"]
[WhiteFideId "4123492"]
[BlackFideId "24180327"]
[WhiteElo "2420"]
[BlackElo "2358"]
[WhiteTeam "RUS"]
[BlackTeam "RUS"]
[WhiteClock "0:00:08"]
[BlackClock "0:00:01"]

1. d4 d6 2. c4 e5 3. Nc3 exd4 4. Qxd4 Nf6 5. Nf3 Nc6 6. Qd1 g6 7. g3 Be6 8. b3 Bg7 9. Bg2 d5 10. Ng5 Ng4 11. Bd2 dxc4 12. Nxe6 fxe6 13. O-O cxb3 14. Qxb3 O-O 15. Qxe6+ Kh8 16. Rad1 Qc8 17. Qxc8 Raxc8 18. Bh3 h5 19. f3 Bd4+ 20. Kg2 Nce5 21. Nd5 Rcd8 22. fxg4 hxg4 23. Bf4 gxh3+ 24. Kxh3 Nc6 25. Nxc7 Rf7 26. Ne6 Rd5 27. Kg2 Kg8 28. Ng5 Rfd7 29. Ne6 Bg7 30. Rxd5 Rxd5 31. e4 Rd3 32. Rf2 Bd4 33. Re2 Bb6 34. e5 Nd4 35. Nxd4 Rxd4 36. e6 Kf8 37. e7+ Ke8 38. Bg5 Rd5 39. h4 Rf5 40. Rd2 Kf7 41. Rd8 Re5 42. Rf8+ 1-0

[Event "November 21 Early 2023"]
[Site "https://www.chess.com"]
[Date "2023.11.21"]
[Round "9"]
[White "Vestby-Ellingsen, Mads"]
[Black "Dragun, Kamil"]
[Result "1-0"]
[Board "43"]
[TimeControl "180+1"]
[WhiteFideId "1520857"]
[BlackFideId "1134167"]
[WhiteElo "2241"]
[BlackElo "2551"]
[WhiteTeam "NOR"]
[BlackTeam "POL"]
[WhiteClock "0:00:02"]
[BlackClock "0:00:00"]

1. d4 Nf6 2. Bf4 d5 3. e3 e6 4. Nd2 Bd6 5. Ngf3 O-O 6. Bd3 c5 7. dxc5 Bxc5 8. O-O Nc6 9. c4 Re8 10. Bg5 h6 11. Bh4 Be7 12. a3 b6 13. cxd5 Nxd5 14. Bxe7 Qxe7 15. Rc1 Bb7 16. Bb1 Nf6 17. Ne4 Na5 18. Nxf6+ Qxf6 19. b4 Nc6 20. Be4 Nd8 21. Qa4 Re7 22. Bxb7 Nxb7 23. Rfd1 e5 24. Rd7 Nd6 25. Rd1 b5 26. R7xd6 bxa4 27. Rxf6 gxf6 28. Rc1 Rb8 29. Kf1 Rbb7 30. Rc5 Rec7 31. Ra5 Rc1+ 32. Ke2 Rc2+ 33. Kf1 Rd7 34. g3 Rd1+ 35. Kg2 e4 36. Nd4 Ra2 37. Rxa4 Rdd2 38. g4 Rxf2+ 39. Kg3 Rxh2 40. Rxa7 Rag2+ 41. Kf4 Rh4 42. Kxe4 Rgxg4+ 43. Kf3 Rg1 44. b5 Rb1 45. a4 h5 46. Rb7 Rh2 47. a5 Ra2 48. a6 h4 49. a7 Kg7 50. Nf5+ Kg6 51. Nxh4+ Kg5 52. Ng2 f5 53. b6 1-0

[Event "November 21 Early 2023"]
[Site "https://www.chess.com"]
[Date "2023.11.21"]
[Round "9"]
[White "gueraumasague"]
[Black "Vignesh N R"]
[Result "0-1"]
[Board "44"]
[TimeControl "180+1"]
[BlackFideId "25012215"]
[WhiteElo "2600"]
[BlackElo "2425"]
[BlackTeam "IND"]
[WhiteClock "0:00:19"]
[BlackClock "0:01:45"]

1. e4 c5 2. Nc3 d6 3. Bb5+ Bd7 4. a4 Nc6 5. f4 g6 6. Nf3 Bg7 7. O-O e6 8. Bxc6 Bxc6 9. f5 Nf6 10. fxe6 fxe6 11. d3 O-O 12. h3 d5 13. e5 Nd7 14. Bg5 Qc7 15. Be7 Rxf3 16. Rxf3 Nxe5 17. Bg5 Nxf3+ 18. Qxf3 Rf8 19. Qg4 Qf7 20. Kh1 Be5 21. Qe2 Qf5 22. Bh6 Rf7 23. Kg1 g5 24. Re1 Bg3 25. Rf1 Qxf1+ 26. Qxf1 Bh2+ 27. Kxh2 Rxf1 28. Bxg5 Rf2 29. Be3 Rxc2 30. Bxc5 d4 0-1

[Event "November 21 Early 2023"]
[Site "https://www.chess.com"]
[Date "2023.11.21"]
[Round "9"]
[White "Hulka, Valentyn"]
[Black "Predator0608"]
[Result "1-0"]
[Board "45"]
[TimeControl "180+1"]
[WhiteFideId "34107061"]
[WhiteElo "2163"]
[BlackElo "2596"]
[WhiteTeam "UKR"]
[WhiteClock "0:00:05"]
[BlackClock "0:00:02"]

1. e4 e5 2. Nf3 Nc6 3. Bb5 a6 4. Ba4 Nf6 5. Nc3 Bc5 6. Bxc6 dxc6 7. d3 O-O 8. O-O Re8 9. Ne2 Bg4 10. Ng3 Nh5 11. Nxh5 Bxh5 12. h3 Qf6 13. g4 Bg6 14. Be3 Qe7 15. Ne1 Rad8 16. Qf3 a5 17. Ng2 a4 18. h4 f6 19. h5 Bf7 20. Nh4 Be6 21. Nf5 Qf8 22. h6 Bxf5 23. hxg7 Qxg7 24. Qxf5 Bxe3 25. fxe3 Rd6 26. Rf3 Qg6 27. Kg2 c5 28. Rh1 Qxf5 29. Rxf5 Re7 30. Kf3 Rb6 31. b3 Kg7 32. Rfh5 Kh8 33. Rh6 axb3 34. axb3 Ra6 35. R1h2 Rf7 36. Kg3 Ra1 37. Rf2 Kg7 38. Rh4 Rg1+ 39. Kh2 Rc1 40. Kg2 b5 41. Rh5 Kg6 42. Rhf5 Rb1 43. g5 c4 44. bxc4 bxc4 45. Rxf6+ Rxf6 46. gxf6 Kf7 47. d4 Re1 48. dxe5 Rxe3 49. e6+ Kf8 50. Rf4 c3 51. Kf2 Rh3 52. e7+ Kf7 53. e5 Rh2+ 54. Ke3 Rxc2 55. e6+ Kg6 56. f7 Kg5 57. f8=Q 1-0

[Event "November 21 Early 2023"]
[Site "https://www.chess.com"]
[Date "2023.11.21"]
[Round "9"]
[White "Statham_l3"]
[Black "Samunenkov, Ihor"]
[Result "0-1"]
[Board "46"]
[TimeControl "180+1"]
[BlackFideId "14187086"]
[WhiteElo "2595"]
[BlackElo "2473"]
[BlackTeam "UKR"]
[WhiteClock "0:00:04"]
[BlackClock "0:00:26"]

1. e4 c6 2. d4 d5 3. f3 e6 4. Nc3 Qb6 5. a3 Nf6 6. e5 Nfd7 7. f4 c5 8. Nf3 Nc6 9. Be3 cxd4 10. Nxd4 Bc5 11. Na4 Qa5+ 12. b4 Qxa4 13. Bb5 Bxd4 14. Bxa4 Bxe3 15. Qf3 Bb6 16. O-O-O O-O 17. Bxc6 bxc6 18. h4 a5 19. b5 cxb5 20. Rh3 Nc5 21. h5 Ne4 22. g4 Nf2 23. f5 Nxd1 24. Kxd1 f6 25. h6 Ra7 26. g5 fxg5 27. hxg7 Rxf5 28. Qh5 Rxg7 29. Qe8+ Rf8 30. Qc6 g4 31. Rg3 Bf2 32. Rg2 g3 33. Qxb5 d4 34. Qd3 Bb7 35. Rxg3 Rxg3 36. Qc4 Bd5 37. Qc7 Be3 38. a4 Rg1+ 39. Ke2 Rf2+ 40. Kd3 Rd1# 0-1

[Event "November 21 Early 2023"]
[Site "https://www.chess.com"]
[Date "2023.11.21"]
[Round "9"]
[White "ChainedDowntohell"]
[Black "NovozhilovSemen"]
[Result "0-1"]
[Board "47"]
[TimeControl "180+1"]
[WhiteElo "2590"]
[BlackElo "2751"]
[WhiteClock "0:00:00"]
[BlackClock "0:00:17"]

1. d4 Nf6 2. c4 e6 3. Nf3 c5 4. d5 exd5 5. cxd5 d6 6. Nc3 g6 7. e4 Bg7 8. Bg5 O-O 9. Nd2 h6 10. Bh4 Nbd7 11. Be2 a6 12. a4 Qc7 13. O-O b6 14. h3 Bb7 15. Qc2 Rfc8 16. Bg3 Ne8 17. Kh1 Qd8 18. Nc4 Ne5 19. Ne3 Nc7 20. f4 Nd7 21. e5 dxe5 22. f5 g5 23. f6 Nxf6 24. Nf5 Ncxd5 25. Rad1 Qc7 26. Bf3 Nf4 27. Bxb7 Qxb7 28. Nd6 Qc6 29. Nxc8 Rxc8 30. Bxf4 exf4 31. Qf5 Nh5 32. Ne4 Re8 33. Qg4 Qg6 34. Nd6 Ng3+ 35. Kg1 Rd8 36. Rfe1 Rxd6 37. Re8+ Kh7 38. Rde1 Re6 39. R8xe6 fxe6 40. Qf3 Bxb2 41. Qb7+ Bg7 42. Qxb6 e5 43. Qxc5 e4 44. Qd5 e3 45. Rc1 e2 46. Re1 Qb6+ 0-1

[Event "November 21 Early 2023"]
[Site "https://www.chess.com"]
[Date "2023.11.21"]
[Round "9"]
[White "elmusmolamas"]
[Black "Ilkhomi, Jaloliddin"]
[Result "1/2-1/2"]
[Board "48"]
[TimeControl "180+1"]
[BlackFideId "14700948"]
[WhiteElo "2562"]
[BlackElo "2054"]
[BlackTeam "TJK"]
[WhiteClock "0:00:06"]
[BlackClock "0:00:13"]

1. e4 e6 2. d4 d5 3. Bd3 Nf6 4. Nd2 c5 5. c3 Nc6 6. Ngf3 cxd4 7. cxd4 dxe4 8. Nxe4 Nxe4 9. Bxe4 Bb4+ 10. Bd2 Qa5 11. O-O Bxd2 12. Qxd2 Qxd2 13. Bxc6+ bxc6 14. Nxd2 Ba6 15. Rfc1 Rc8 16. Rc5 Kd7 17. Ra5 Bb5 18. Rxa7+ Rc7 19. Rxc7+ Kxc7 20. a4 Ba6 21. f3 Rd8 22. Nb3 Bc4 23. Nd2 Rxd4 24. Nxc4 Rxc4 25. a5 Kb7 26. Rd1 Kc7 27. Ra1 Rb4 28. a6 Rb8 29. Ra4 Ra8 30. Kf2 Kb6 31. Rb4+ Kxa6 32. Ke3 Rd8 33. h4 Rd5 34. g4 Rb5 35. Ra4+ Kb7 36. b4 Kc7 37. Kd4 Kd6 38. Kc4 Rb7 39. Ra6 h6 40. h5 Rc7 41. b5 Rc8 42. f4 g6 43. g5 hxg5 44. hxg6 fxg6 45. fxg5 Kd7 46. b6 Kd6 47. Ra2 c5 48. Kb5 c4 49. b7 Rb8 50. Kb6 Kd5 51. Kc7 Rh8 52. b8=Q Rxb8 53. Kxb8 c3 54. Kc7 e5 55. Kd7 e4 56. Ke7 e3 57. Kf6 Kd4 58. Kxg6 Kd3 59. Kf5 c2 60. Ra1 e2 61. g6 Kd2 62. g7 c1=Q 63. Rxc1 Kxc1 64. g8=Q e1=Q 65. Qc4+ Kb2 66. Qb5+ Ka3 67. Qc5+ Kb3 68. Qd5+ Ka3 69. Qa8+ Kb2 70. Qg2+ Kc1 71. Qg5+ Kb1 72. Qf4 Qa5+ 73. Qe5 Qd2 74. Qe4+ Ka1 75. Qe5+ Ka2 76. Qe6+ Ka3 77. Qe7+ Kb3 78. Qe6+ Kb2 79. Qe5+ Ka2 80. Qe6+ Kb1 81. Qe4+ Ka1 82. Qe5+ Ka2 1/2-1/2

[Event "November 21 Early 2023"]
[Site "https://www.chess.com"]
[Date "2023.11.21"]
[Round "9"]
[White "Malyi, Viacheslav"]
[Black "Tatarinov, Dmitry"]
[Result "0-1"]
[Board "49"]
[TimeControl "180+1"]
[WhiteFideId "14123983"]
[BlackFideId "24160067"]
[WhiteElo "2291"]
[BlackElo "2344"]
[WhiteTeam "UKR"]
[BlackTeam "RUS"]
[WhiteClock "0:00:03"]
[BlackClock "0:00:13"]

1. e4 c5 2. Nf3 e6 3. g3 Nc6 4. Bg2 Nf6 5. Qe2 d5 6. e5 Nd7 7. O-O Be7 8. Re1 Qc7 9. h4 a5 10. d3 a4 11. c4 d4 12. Bf4 h6 13. h5 O-O 14. Nbd2 Rb8 15. Nf1 b5 16. b3 Ba6 17. N1h2 Rfc8 18. Ng4 Bf8 19. Qd2 Qa5 20. Qc1 Qc3 21. Bxh6 gxh6 22. Nxh6+ Kh7 23. Qf4 Bxh6 24. Qxf7+ Kh8 25. Qg6 Bd2 26. Ng5 Bxg5 27. Be4 Nf8 28. Qxg5 Rc7 29. Qf6+ Kg8 30. h6 Rf7 31. Qg5+ Kh8 32. Bxc6 Qxd3 33. Be4 Qc3 34. h7 Rg7 35. Qf6 Qa5 36. Kg2 Qd8 37. Qf4 Qe7 38. Rh1 Nd7 39. Rh6 Rf8 40. Qd2 bxc4 41. bxc4 Bxc4 42. Rah1 Nxe5 43. R1h5 Nd7 44. Rg6 Nf6 45. Bf3 Rxg6 46. Rh4 Bd5 47. Bxd5 Nxd5 48. Qf4 Nxf4+ 0-1

[Event "November 21 Early 2023"]
[Site "https://www.chess.com"]
[Date "2023.11.21"]
[Round "9"]
[White "Goltsev, Dmitry"]
[Black "aghasiyevkamal"]
[Result "0-1"]
[Board "50"]
[TimeControl "180+1"]
[WhiteFideId "24176710"]
[WhiteElo "2370"]
[BlackElo "2553"]
[WhiteTeam "RUS"]
[WhiteClock "0:00:02"]
[BlackClock "0:00:07"]

1. e4 e6 2. d4 d5 3. exd5 exd5 4. Nf3 Nf6 5. c4 Bb4+ 6. Nc3 O-O 7. Be2 dxc4 8. Bxc4 Nc6 9. O-O Bg4 10. Bg5 h6 11. Bh4 Be7 12. h3 Bxf3 13. Qxf3 Qxd4 14. Bxf6 Bxf6 15. Bd5 Ne5 16. Qg3 Bh4 17. Qh2 Nd3 18. g3 c6 19. Bb3 Bf6 20. Rad1 Rad8 21. Rd2 Qb6 22. Ne4 Bxb2 23. Rfd1 Ne5 24. Qg2 Rxd2 25. Rxd2 Bd4 26. Kh2 c5 27. f4 Nd7 28. Qf3 Qc6 29. Qd3 Re8 30. Bc2 Nf8 31. Qc4 Rxe4 32. Bxe4 Qxe4 33. Qf1 Ne6 34. Re2 Qd3 35. Qe1 Kh7 36. h4 c4 37. h5 Qf5 38. Re4 Qxh5+ 39. Kg2 Qd5 40. Kh2 c3 41. Qb1 g6 42. g4 Nc5 43. Re7 Qc4 44. Qc2 Kg7 45. f5 Qd3 46. Qg2 Bf6 47. Rc7 Qd6+ 48. Qg3 Be5 49. Rxf7+ Kxf7 0-1